TOP OF THE 1ST |
Minnesota Twins batting - Pitching for California Angels : RHP Franz Holzknecht
|
Pitching: RHP Franz Holzknecht
|
|
Batting: RHB Yonetoshi Muranaka
|
0-0: Ball 1-0: SINGLE (Line Drive, 34D, EV 98.8 MPH)
|
Batting: RHB Jared McClernon
|
0-0: Ball 1-0: Ball 2-0: Called Strike 2-1: Ball 3-1: Called Strike 3-2: Base on Balls Yonetoshi Muranaka to second
|
Batting: LHB Kevin Bellman
|
0-0: Called Strike 0-1: Swinging Strike 0-2: Ball 1-2: Ball 2-2: SINGLE (Groundball, 34, EV 101.9 MPH) Yonetoshi Muranaka to third Jared McClernon to second
|
Batting: LHB Joel Kunkler
|
0-0: Ball 1-0: Called Strike 1-1: Ball 2-1: Ball 3-1: Foul Ball, location: 2F 3-2: Foul Ball, location: 2F 3-2: Base on Balls Yonetoshi Muranaka scores Jared McClernon to third Kevin Bellman to second
|
Batting: RHB Jesus Chavez
|
0-0: Ball 1-0: Ball 2-0: Foul Ball, location: 2F 2-1: Ball 3-1: SINGLE (Line Drive, 9LS, EV 112.5 MPH) Jared McClernon scores Kevin Bellman to third Joel Kunkler to second
|
Batting: RHB Väinö Tapaninen
|
0-0: Ball 1-0: SINGLE (Flyball, 7S, EV 93.8 MPH) Kevin Bellman scores Joel Kunkler to third Jesus Chavez to second Runner from 3rd tries for Home, SAFE, throw by LF to home
|
Batting: SHB Buster Hyman
|
0-0: Called Strike 0-1: Called Strike 0-2: Ball 1-2: DOUBLE (Groundball, 3L, EV 108.8 MPH) Jesus Chavez scores Väinö Tapaninen to third
|
Pitching: RHP George Rosario
|
|
Batting: RHB Vinny Luna
|
0-0: Fly out, F7 (Flyball, 7LS, EV 92.5 MPH)
|
Batting: RHB Brett Steele
|
0-0: Ball 1-0: Ball 2-0: Called Strike 2-1: Ball 3-1: Fly out, F4 (Popup, 13S, EV 90.6 MPH)
|
Batting: RHB Yonetoshi Muranaka
|
0-0: Ball 1-0: Ball 2-0: Foul Ball, location: 2F 2-1: Ball 3-1: Base on Balls
|
Batting: RHB Jared McClernon
|
0-0: Ball 1-0: Called Strike 1-1: Ball 2-1: Ball 3-1: Base on Balls Väinö Tapaninen scores Buster Hyman to third Yonetoshi Muranaka to second
|
Batting: LHB Kevin Bellman
|
0-0: Ball 1-0: Swinging Strike 1-1: Foul Ball, location: 2F 1-2: Foul Ball, location: 2F 1-2: Ball 2-2: Ball 3-2: Ground out 4-3 (Groundball, 4, EV 101.3 MPH)
|
Top of the 1st over - 6 runs, 5 hits, 0 errors, 3 left on base; Minnesota 6 - California 0 |
BOTTOM OF THE 1ST |
California Angels batting - Pitching for Minnesota Twins : RHP Oscar Zuniga
|
Pitching: RHP Oscar Zuniga
|
|
Batting: LHB Javier Trujillo
|
0-0: Called Strike 0-1: Ball 1-1: Ball 2-1: Foul Ball, location: 2F 2-2: Ground out 6-3 (Groundball, 4M, EV 88.1 MPH)
|
Batting: RHB Alain Delhaye
|
0-0: Swinging Strike 0-1: Ball 1-1: Foul Ball, location: 2F 1-2: Ground out 1-3 (Groundball, 13S, EV 68.1 MPH)
|
Batting: LHB Josh Cook
|
0-0: Ball 1-0: Ball 2-0: Swinging Strike 2-1: Ball 3-1: Swinging Strike 3-2: Strikes out looking
|
Bottom of the 1st over - 0 runs, 0 hits, 0 errors, 0 left on base; Minnesota 6 - California 0 |
TOP OF THE 2ND |
Minnesota Twins batting - Pitching for California Angels : RHP George Rosario
|
Pitching: RHP Joe Butler
|
|
Batting: LHB Joel Kunkler
|
0-0: Ball 1-0: Ball 2-0: Ball 3-0: Base on Balls
|
Batting: RHB Jesus Chavez
|
0-0: Called Strike 0-1: Ball 1-1: Foul Ball, location: 2F 1-2: Hit by Pitch Joel Kunkler to second
|
Batting: RHB Väinö Tapaninen
|
0-0: Called Strike 0-1: Ball 1-1: Called Strike 1-2: Ball 2-2: Strikes out swinging
|
Batting: SHB Buster Hyman
|
0-0: Foul Ball, location: 2F 0-1: Hit by Pitch Joel Kunkler to third Jesus Chavez to second
|
Batting: RHB Vinny Luna
|
0-0: Ball 1-0: Ball 2-0: Fly out, F4 (Popup, 34, EV 68.1 MPH)
|
Batting: RHB Brett Steele
|
0-0: Ball 1-0: Ball 2-0: Ball 3-0: Base on Balls Joel Kunkler scores Jesus Chavez to third Buster Hyman to second
|
Batting: RHB Yonetoshi Muranaka
|
0-0: Foul Ball, location: 2F 0-1: Fielders Choice at 2nd, 6-4 (Groundball, 6, EV 77.5 MPH)
|
Top of the 2nd over - 1 run, 0 hits, 0 errors, 3 left on base; Minnesota 7 - California 0 |
BOTTOM OF THE 2ND |
California Angels batting - Pitching for Minnesota Twins : RHP Oscar Zuniga
|
Batting: RHB Preston Deakyne
|
0-0: Called Strike 0-1: Swinging Strike 0-2: Ball 1-2: Ball 2-2: Ball 3-2: Foul Ball, location: 2F 3-2: SINGLE (Groundball, 34D, EV 109.4 MPH)
|
Batting: LHB Micah Miller
|
0-0: Foul Ball, location: 2F 0-1: Called Strike 0-2: Ball 1-2: Ball 2-2: SINGLE (Groundball, 15S, EV 68.8 MPH) (infield hit) Preston Deakyne to second
|
Batting: RHB Dietmar Warmisch
|
0-0: Foul Ball, location: 2F 0-1: Fly out, F8 (Line Drive, 8LM, EV 100.6 MPH)
|
Pitching: RHP Steffen Joseph
|
|
Batting: LHB Jack Bell
|
0-0: Called Strike 0-1: Ball 1-1: Ball 2-1: Swinging Strike 2-2: Foul Ball, location: 2F 2-2: Foul Ball, location: 2F 2-2: Fly out, F8 (Flyball, 89D, EV 103.8 MPH)
|
Batting: RHB Nick Dunn
|
0-0: Ball 1-0: Ball 2-0: Ball 3-0: Base on Balls Preston Deakyne to third Micah Miller to second
|
Batting: RHB Gael Jones
|
0-0: Ball 1-0: Swinging Strike 1-1: Fly out, F8 (Flyball, 78XD, EV 83.8 MPH)
|
Bottom of the 2nd over - 0 runs, 2 hits, 0 errors, 3 left on base; Minnesota 7 - California 0 |
TOP OF THE 3RD |
Minnesota Twins batting - Pitching for California Angels : RHP Joe Butler
|
Batting: RHB Jared McClernon
|
0-0: Called Strike 0-1: Foul Ball, location: 2F 0-2: Ball 1-2: Ball 2-2: Ball 3-2: Strikes out looking
|
Batting: LHB Kevin Bellman
|
0-0: Ball 1-0: Ball 2-0: Ball 3-0: SINGLE (Groundball, 4MD, EV 101.9 MPH)
|
Pitching: RHP Austin Maki
|
|
Batting: LHB Joel Kunkler
|
0-0: Ball 1-0: Ball 2-0: Ball 3-0: Foul Ball, location: 2F 3-1: Grounds into double play, 4-6-3 (Groundball, 4, EV 83.1 MPH)
|
Top of the 3rd over - 0 runs, 1 hit, 0 errors, 0 left on base; Minnesota 7 - California 0 |
BOTTOM OF THE 3RD |
California Angels batting - Pitching for Minnesota Twins : RHP Steffen Joseph
|
Batting: LHB Javier Trujillo
|
0-0: Swinging Strike 0-1: Ball 1-1: Fly out, F8 (Flyball, 8RXD, EV 100.0 MPH)
|
Batting: RHB Alain Delhaye
|
0-0: Ground out 6-3 (Groundball, 6, EV 110.6 MPH)
|
Batting: LHB Josh Cook
|
0-0: Called Strike 0-1: Swinging Strike 0-2: Ball 1-2: Ball 2-2: Ball 3-2: Strikes out swinging
|
Bottom of the 3rd over - 0 runs, 0 hits, 0 errors, 0 left on base; Minnesota 7 - California 0 |
TOP OF THE 4TH |
Minnesota Twins batting - Pitching for California Angels : RHP Austin Maki
|
Batting: RHB Jesus Chavez
|
0-0: Ball 1-0: Ball 2-0: Swinging Strike 2-1: Ball 3-1: Ground out 6-3 (Groundball, 6, EV 78.8 MPH)
|
Batting: RHB Väinö Tapaninen
|
0-0: Called Strike 0-1: Ball 1-1: Foul Ball, location: 2F 1-2: Foul Ball, location: 2F 1-2: Ball 2-2: SINGLE (Groundball, 6MD, EV 101.9 MPH)
|
Batting: SHB Buster Hyman
|
0-0: Called Strike Väinö Tapaninen steals 2nd base 0-1: Foul Ball, location: 2F 0-2: Ground out U3 (Groundball, 34, EV 86.3 MPH) Väinö Tapaninen to third
|
Batting: RHB Vinny Luna
|
0-0: Ground out 5-3 (Groundball, 56, EV 102.5 MPH)
|
Top of the 4th over - 0 runs, 1 hit, 0 errors, 1 left on base; Minnesota 7 - California 0 |
BOTTOM OF THE 4TH |
California Angels batting - Pitching for Minnesota Twins : RHP Steffen Joseph
|
Batting: RHB Preston Deakyne
|
0-0: Foul Ball, location: 2F 0-1: Ball 1-1: Called Strike 1-2: Ball 2-2: Fly out, F4 (Popup, 4, EV 52.5 MPH)
|
Batting: LHB Micah Miller
|
0-0: Called Strike 0-1: Foul Ball, location: 2F 0-2: Ball 1-2: Strikes out swinging
|
Batting: RHB Dietmar Warmisch
|
0-0: Swinging Strike 0-1: Swinging Strike 0-2: Ball 1-2: Strikes out swinging
|
Bottom of the 4th over - 0 runs, 0 hits, 0 errors, 0 left on base; Minnesota 7 - California 0 |
TOP OF THE 5TH |
Minnesota Twins batting - Pitching for California Angels : RHP Austin Maki
|
Batting: RHB Brett Steele
|
0-0: Foul Ball, location: 2F 0-1: Ball 1-1: Ground out U3 (Groundball, 34, EV 90.0 MPH)
|
Batting: RHB Yonetoshi Muranaka
|
0-0: Ball 1-0: SINGLE (Groundball, 6MS, EV 85.6 MPH) (infield hit)
|
Batting: RHB Jared McClernon
|
0-0: Ball 1-0: Called Strike Yonetoshi Muranaka steals 2nd base 1-1: Ball 2-1: Foul Ball, location: 2F 2-2: Ball 3-2: Ground out 6-3 (Groundball, 6, EV 103.8 MPH)
|
Batting: LHB Kevin Bellman
|
0-0: Foul Ball, location: 2F 0-1: Foul Ball, location: 2F 0-2: Foul Ball, location: 2F 0-2: Ball 1-2: Foul Ball, location: 2F 1-2: Ball 2-2: Ball 3-2: Foul Ball, location: 2F 3-2: Base on Balls
|
Batting: LHB Joel Kunkler
|
0-0: Ball 1-0: Ball 2-0: DOUBLE (Line Drive, 8LD, EV 107.5 MPH) Yonetoshi Muranaka scores Kevin Bellman to third
|
Batting: RHB Jesus Chavez
|
0-0: Ground out 4-3 (Groundball, 4, EV 90.0 MPH)
|
Top of the 5th over - 1 run, 2 hits, 0 errors, 2 left on base; Minnesota 8 - California 0 |
BOTTOM OF THE 5TH |
California Angels batting - Pitching for Minnesota Twins : RHP Steffen Joseph
|
Batting: LHB Jack Bell
|
0-0: Called Strike 0-1: Ball 1-1: Ball 2-1: Called Strike 2-2: Ball 3-2: Foul Ball, location: 2F 3-2: Strikes out swinging
|
Batting: RHB Nick Dunn
|
0-0: Ball 1-0: Ball 2-0: Called Strike 2-1: Fly out, F8 (Flyball, 8RD, EV 104.4 MPH)
|
Batting: RHB Gael Jones
|
0-0: Swinging Strike 0-1: Ball 1-1: Ground out 5-3 (Groundball, 56S, EV 66.3 MPH)
|
Bottom of the 5th over - 0 runs, 0 hits, 0 errors, 0 left on base; Minnesota 8 - California 0 |
TOP OF THE 6TH |
Minnesota Twins batting - Pitching for California Angels : RHP Austin Maki
|
Batting: RHB Väinö Tapaninen
|
0-0: Called Strike 0-1: Ground out 5-3 (Groundball, 56S, EV 71.3 MPH)
|
Batting: SHB Buster Hyman
|
0-0: Ball 1-0: Ball 2-0: Ball 3-0: Base on Balls
|
Pitching: RHP Joe Beam
|
|
Batting: RHB Vinny Luna
|
0-0: Foul Ball, location: 2F 0-1: Called Strike 0-2: Strikes out swinging
|
Batting: RHB Brett Steele
|
0-0: Ball 1-0: Ground out 5-3 (Groundball, 56S, EV 76.3 MPH)
|
Top of the 6th over - 0 runs, 0 hits, 0 errors, 1 left on base; Minnesota 8 - California 0 |
BOTTOM OF THE 6TH |
California Angels batting - Pitching for Minnesota Twins : RHP Steffen Joseph
|
Batting: LHB Javier Trujillo
|
0-0: Ball 1-0: Foul Ball, location: 2F 1-1: Ball 2-1: Ball 3-1: Base on Balls
|
Batting: RHB Alain Delhaye
|
0-0: Ball 1-0: Swinging Strike 1-1: Ball 2-1: Called Strike 2-2: Ball 3-2: SINGLE (Groundball, 56D, EV 106.9 MPH) Javier Trujillo to second
|
Batting: LHB Josh Cook
|
0-0: Swinging Strike 0-1: 3-RUN HOME RUN (Flyball, 78XD, EV 105.6 MPH), Distance : 403 ft
|
Batting: RHB Preston Deakyne
|
0-0: Ball 1-0: Called Strike 1-1: SOLO HOME RUN (Line Drive, 78XD, EV 115.6 MPH), Distance : 441 ft
|
Batting: LHB Micah Miller
|
0-0: Called Strike 0-1: Foul Ball, location: 2F 0-2: Strikes out swinging
|
Batting: RHB Dietmar Warmisch
|
0-0: Ball 1-0: Called Strike 1-1: Ball 2-1: Foul Ball, location: 2F 2-2: Foul Ball, location: 2F 2-2: Fly out, F5 (Popup, 5L, EV 68.8 MPH)
|
Batting: LHB Jack Bell
|
0-0: Ball 1-0: Called Strike 1-1: Ball 2-1: Ball 3-1: Foul Ball, location: 2F 3-2: Fly out, F5 (Popup, 56, EV 65.0 MPH)
|
Bottom of the 6th over - 4 runs, 3 hits, 0 errors, 0 left on base; Minnesota 8 - California 4 |
TOP OF THE 7TH |
Minnesota Twins batting - Pitching for California Angels : RHP Joe Beam
|
Batting: RHB Yonetoshi Muranaka
|
0-0: Called Strike 0-1: Ball 1-1: Foul Ball, location: 2F 1-2: Ground out 6-3 (Groundball, 6, EV 101.3 MPH)
|
Batting: RHB Jared McClernon
|
0-0: Swinging Strike 0-1: Swinging Strike 0-2: Ball 1-2: Foul Ball, location: 2F 1-2: Fly out, F1 (Popup, 15, EV 90.0 MPH)
|
Batting: LHB Kevin Bellman
|
0-0: Foul Ball, location: 2F 0-1: Ball 1-1: Swinging Strike 1-2: Ball 2-2: Ball 3-2: Foul Ball, location: 2F 3-2: Base on Balls
|
Batting: LHB Joel Kunkler
|
0-0: Foul Ball, location: 2F 0-1: SINGLE (Groundball, 6MD, EV 105.0 MPH) Kevin Bellman to second
|
Pitching: RHP Barney Pederson
|
|
Batting: RHB Jesus Chavez
|
0-0: Ball Wild Pitch! Kevin Bellman to third Joel Kunkler to second 1-0: Ball 2-0: Called Strike 2-1: Ball 3-1: Foul Ball, location: 2F 3-2: Ground out 4-3 (Groundball, 4, EV 87.5 MPH)
|
Top of the 7th over - 0 runs, 1 hit, 0 errors, 2 left on base; Minnesota 8 - California 4 |
BOTTOM OF THE 7TH |
California Angels batting - Pitching for Minnesota Twins : RHP Steffen Joseph
|
Batting: RHB Nick Dunn
|
0-0: Ball 1-0: Ball 2-0: Ball 3-0: Base on Balls
|
Batting: RHB Gael Jones
|
0-0: Ball 1-0: Ball 2-0: Called Strike 2-1: 2-RUN HOME RUN (Flyball, 7LD, EV 100.6 MPH), Distance : 380 ft
|
Pitching: RHP Luis Sanchez
|
|
Batting: LHB Javier Trujillo
|
0-0: Ball 1-0: SINGLE (Groundball, 23, EV 66.9 MPH) (infield hit)
|
Batting: RHB Alain Delhaye
|
0-0: Ball 1-0: Ball 2-0: Foul Ball, location: 2F 2-1: Swinging Strike 2-2: Strikes out swinging
|
Batting: LHB Josh Cook
|
0-0: Ball 1-0: Foul Ball, location: 2F 1-1: Ball 2-1: Foul Ball, location: 2F 2-2: Foul Ball, location: 2F 2-2: SINGLE (Line Drive, 8LS, EV 111.3 MPH) Javier Trujillo to second Javier Trujillo to third
|
Batting: RHB Preston Deakyne
|
0-0: Ball Josh Cook steals 2nd base 1-0: Ball 2-0: Ball 3-0: Base on Balls
|
Batting: LHB Micah Miller
|
0-0: Ball 1-0: Ball 2-0: Grounds into double play, 3-6-3 (Groundball, 3, EV 84.4 MPH)
|
Bottom of the 7th over - 2 runs, 3 hits, 0 errors, 2 left on base; Minnesota 8 - California 6 |
TOP OF THE 8TH |
Minnesota Twins batting - Pitching for California Angels : RHP Barney Pederson
|
Pitching: RHP Joel Ciampi
|
|
Batting: RHB Väinö Tapaninen
|
0-0: Called Strike 0-1: Foul Ball, location: 2F 0-2: Strikes out swinging
|
Batting: SHB Buster Hyman
|
0-0: Ball 1-0: Swinging Strike 1-1: Called Strike 1-2: Ground out 4-3 (Groundball, 4, EV 83.8 MPH)
|
Batting: RHB Vinny Luna
|
0-0: Ball 1-0: Fly out, F6 (Line Drive, 6, EV 69.4 MPH)
|
Top of the 8th over - 0 runs, 0 hits, 0 errors, 0 left on base; Minnesota 8 - California 6 |
BOTTOM OF THE 8TH |
California Angels batting - Pitching for Minnesota Twins : RHP Luis Sanchez
|
Pitching: RHP Freddie Trainor
|
|
Batting: RHB Dietmar Warmisch
|
0-0: Swinging Strike 0-1: Ball 1-1: Ball 2-1: SINGLE (Groundball, 6D, EV 93.8 MPH)
|
Batting: LHB Jack Bell
|
0-0: Foul Ball, location: 2F 0-1: Foul Ball, location: 2F 0-2: Ball 1-2: 2-RUN HOME RUN (Flyball, 9D, EV 95.6 MPH), Distance : 370 ft
|
Batting: RHB Nick Dunn
|
0-0: Ball 1-0: Called Strike 1-1: Foul Ball, location: 2F 1-2: Ball 2-2: Reached on error, E2 (Groundball, 2L, EV 68.1 MPH)
|
Batting: RHB Gael Jones
|
0-0: Swinging Strike 0-1: Foul Ball, location: 2F 0-2: Ball 1-2: Ball 2-2: Foul Ball, location: 2F 2-2: Ground out U3 (Groundball, 34, EV 83.1 MPH) Nick Dunn to third
|
Batting: LHB Javier Trujillo
|
0-0: Called Strike 0-1: Ball 1-1: SINGLE (Flyball, 6D, EV 96.3 MPH) Nick Dunn scores
|
Pitching: RHP Travis Feind
|
|
Batting: RHB Alain Delhaye
|
0-0: Ball 1-0: Ball 2-0: SINGLE (Groundball, 6MD, EV 106.9 MPH) Javier Trujillo to second
|
Batting: LHB Josh Cook
|
0-0: Ground out 5-3 (Groundball, 5L, EV 96.3 MPH) Javier Trujillo to third Alain Delhaye to second
|
Batting: RHB Preston Deakyne
|
0-0: Ball 1-0: Ball 2-0: SINGLE (Line Drive, 7LS, EV 100.0 MPH) Javier Trujillo scores Alain Delhaye to third Runner from 3rd tries for Home, SAFE, throw by LF to home Preston Deakyne to second
|
Batting: LHB Micah Miller
|
0-0: TRIPLE (Flyball, 89XD, EV 105.6 MPH) Preston Deakyne scores
|
Batting: RHB Dietmar Warmisch
|
0-0: Ball Passed Ball! Micah Miller scores 1-0: Swinging Strike 1-1: Foul Ball, location: 2F 1-2: Ball 2-2: Foul Ball, location: 2F 2-2: Foul Ball, location: 2F 2-2: Foul Ball, location: 2F 2-2: SINGLE (Groundball, 6M, EV 101.3 MPH) (infield hit)
|
Pitching: RHP Keeley Schenk
|
|
Batting: LHB Jack Bell
|
0-0: Called Strike 0-1: Called Strike 0-2: Ball 1-2: Strikes out swinging
|
Bottom of the 8th over - 7 runs, 7 hits, 1 error, 1 left on base; Minnesota 8 - California 13 |
TOP OF THE 9TH |
Minnesota Twins batting - Pitching for California Angels : RHP Joel Ciampi
|
Batting: RHB Brett Steele
|
0-0: Ball 1-0: Ball 2-0: Called Strike 2-1: Foul Ball, location: 2F 2-2: Ground out 6-3 (Groundball, 6, EV 89.4 MPH)
|
Batting: RHB Yonetoshi Muranaka
|
0-0: Called Strike 0-1: Called Strike 0-2: Ball 1-2: Foul Ball, location: 2F 1-2: Strikes out looking
|
Batting: RHB Jared McClernon
|
0-0: Ball 1-0: Ball 2-0: Foul Ball, location: 2F 2-1: Ball 3-1: SOLO HOME RUN (Line Drive, 7LD, EV 93.1 MPH), Distance : 367 ft
|
Batting: LHB Kevin Bellman
|
0-0: Called Strike 0-1: SINGLE (Groundball, 34D, EV 100.6 MPH)
|
Batting: LHB Joel Kunkler
|
0-0: Called Strike 0-1: Ball 1-1: Foul Ball, location: 2F 1-2: Strikes out looking
|
Top of the 9th over - 1 run, 2 hits, 0 errors, 1 left on base; Minnesota 9 - California 13 |
|